Blackhawks vs Stars
Created - March 17, 2024 at 19:31
Goals
|
Blackhawks |
1 |
0 |
0 |
1 |
Stars |
0 |
0 |
2 |
2 |
|
Shots
|
Blackhawks |
16 |
13 |
6 |
35 |
Stars |
8 |
9 |
10 |
27 |
|
1st period
1. Blackhawks , Jakob Silfverberg 21 (Antoine Roussel 28, Erik Haula 32) at 15:50
Penalties :
Michael Grabner (Dal) for Roughing (Minor) at 0:24, Ben Chiarot (Dal) for Roughing (Minor) at 9:12
2nd period
No Goal
Penalties :
Paul Ladue (Dal) for Holding (Minor) at 2:41, Sidney Crosby (Dal) for Hooking (Minor) at 3:05, Antoine Roussel (Chi) for Roughing (Minor) at 9:50, Evgeny Grachev (Dal) for Interference (Minor) at 16:49
3rd period
2. Stars , Sidney Crosby 21 (Andrej Sustr 21, Paul Ladue 22) at 1:00
3. Stars , Evgeny Grachev 21 (Sidney Crosby 51) at 9:22
Penalties :
Jakob Silfverberg (Chi) for High sticking (Minor) at 1:42, Alex Chiasson (Dal) for Hooking (Minor) at 5:25, Derek Stepan (Chi) for Slashing (Minor) at 11:18
Goalie Stats
Joe Cannata (Chi), 25 saves from 27 shots - (0.926), L, 3-6-1, 58:58 minutes
Jhonas Enroth (Dal), 34 saves from 35 shots - (0.971), W, 10-6-1, 60:00 minutes
Players Stats for Blackhawks
Player Name G A P +/- PIM S H SB GA TA FO MP PP MP PK MP
------------------------------------------------------------------------------------
Aaron Ekblad 0 0 0 0 0 1 0 0 0 3 0/0 27:00 6:02 3:16
Adrian Kempe 0 0 0 0 0 3 2 1 1 0 1/1 15:28 0:32 1:43
Antoine Roussel 0 1 1 1 2 3 1 0 1 0 0/0 20:30 5:05 2:18
Brett Maclean 0 0 0 0 0 3 2 0 1 0 1/1 8:33 0:00 0:43
Calvin de Haan 0 0 0 -1 0 3 0 2 1 0 0/0 19:13 4:17 0:00
Corey Perry 0 0 0 -2 0 4 1 1 1 0 0/0 10:39 0:32 0:00
Derek Stepan 0 0 0 0 2 5 1 1 0 0 13/33 22:13 5:27 2:10
Erik Haula 0 1 1 1 0 0 0 2 0 0 5/11 18:58 4:20 2:57
Jakob Silfverberg 1 0 1 1 2 8 1 0 1 0 2/2 17:55 5:05 0:00
James Wright 0 0 0 0 0 0 0 1 0 0 1/3 8:59 0:32 1:08
Mike Amadio 0 0 0 0 0 1 1 1 1 0 0/0 17:38 4:42 0:00
Nick Bonino 0 0 0 -2 0 0 0 0 0 0 7/10 10:25 0:00 0:06
Petter Granberg 0 0 0 0 0 0 1 1 1 0 0/0 13:47 0:00 2:41
PK Subban 0 0 0 0 0 0 1 0 0 1 0/0 27:00 6:02 3:16
Robert Hagg 0 0 0 0 0 0 1 0 0 0 0/0 13:47 0:00 2:41
Sean Bergenheim 0 0 0 -2 0 2 4 0 1 0 1/1 15:23 4:42 0:49
Stefan Matteau 0 0 0 0 0 0 2 0 0 0 0/0 7:19 0:00 0:00
Thomas Chabot 0 0 0 -1 0 2 0 0 0 1 0/0 19:13 4:17 0:00
Players Stats for Stars
Player Name G A P +/- PIM S H SB GA TA FO MP PP MP PK MP
------------------------------------------------------------------------------------
Adam Tambellini 0 0 0 -1 0 1 1 1 0 0 0/0 7:23 0:00 1:23
Alex Chiasson 0 0 0 1 2 0 0 0 0 0 0/1 14:27 3:02 0:00
Andrej Sustr 0 1 1 1 0 0 0 3 1 1 0/0 29:44 3:19 5:32
Ben Chiarot 0 0 0 1 2 0 0 0 0 1 0/0 19:18 2:37 3:35
Brian Lee 0 0 0 1 0 2 1 1 0 1 0/0 20:03 2:38 4:47
Cam Atkinson 0 0 0 0 0 3 0 0 0 0 0/0 9:58 0:10 0:00
Evgeny Grachev 1 0 1 1 2 3 1 0 0 0 5/9 15:27 2:53 0:44
Evgeny Kuznetsov 0 0 0 0 0 0 0 1 0 0 3/8 9:41 0:00 0:17
Guillaume Latendresse 0 0 0 1 0 2 0 1 0 1 1/1 17:08 2:53 2:26
Henrik Borgstrom 0 0 0 -1 0 3 0 0 0 0 2/5 5:57 0:00 0:00
Jake Guentzel 0 0 0 1 0 3 2 0 1 1 2/3 23:53 2:54 4:52
Michael Grabner 0 0 0 1 2 4 4 0 1 0 0/1 21:03 2:54 1:33
Paul Ladue 0 1 1 1 2 1 1 4 0 1 0/0 28:29 3:19 4:12
Scott Kosmachuck 0 0 0 -1 0 0 2 0 0 1 2/4 9:33 0:01 3:14
Sidney Crosby 1 1 2 1 2 3 1 0 2 1 16/30 23:31 2:54 4:30
Tobias Rieder 0 0 0 0 0 1 0 0 0 0 0/0 9:58 0:10 0:00
Tyler Wotherspoon 0 0 0 -1 0 1 1 0 0 0 0/0 10:41 0:01 0:16
Wiley Sherman 0 0 0 -1 0 0 0 2 0 1 0/0 11:46 0:00 2:19
3 Stars
1 - Jhonas Enroth (Dal)
2 - Sidney Crosby (Dal)
3 - Evgeny Grachev (Dal)
Power Play
Blackhawks - 0 on 6 Attempt(s) - 0.00%
Stars - 0 on 3 Attempt(s) - 0.00%
Penalty Kill
Blackhawks - 3 on 3 Attempt(s) - 100.00%
- Score 0 goal in Penalty Kill
Stars - 6 on 6 Attempt(s) - 100.00%
- Score 0 goal in Penalty Kill
Team Stat
Blackhawks - Hits : 18 - Faceoff Wins : 31 - Blocked Shots : 10 - Penalty Minutes : 6
Stars - Hits : 14 - Faceoff Wins : 31 - Blocked Shots : 13 - Penalty Minutes : 12
Official
Referees : Pierre Lambert and Michael Markovic
Linesman : Derek Amell and Kyle Flemington
Game Notes
No Game Note
Finance
Level 1 -- Attendance: 6000 (100.00%) -- Ticket Income $600,000
Level 2 -- Attendance: 4771 (95.42%) -- Ticket Income $286,260
Level 3 -- Attendance: 2000 (100.00%) -- Ticket Income $70,000
Level 4 -- Attendance: 3618 (90.45%) -- Ticket Income $90,450
Luxury Box -- Attendance: 1000 (100.00%) -- Ticket Income $200,000
Game was played at the American Airlines Center.
Total Attendance: 17389 (96.61%)
Total Ticket Income: $1,246,710
Other Income: $187,006
Total Income: $1,433,716
Blackhawks
5 vs 5 Forward
Center Left Wing Right Wing Time % Phy DF OF
1 Derek Stepan Adrian Kempe Mike Amadio 40 1 2 2
2 Erik Haula Antoine Roussel Jakob Silfverberg 30 1 2 2
3 Nick Bonino Sean Bergenheim Corey Perry 20 1 2 2
4 James Wright Brett Maclean Stefan Matteau 10 1 2 2
5 vs 5 Defense
Defense Defense Time % Phy DF OF
1 Aaron Ekblad PK Subban 40 1 2 2
2 Calvin de Haan Thomas Chabot 30 1 2 2
3 Robert Hagg Petter Granberg 20 1 2 2
4 Aaron Ekblad PK Subban 10 1 2 2
PowerPlay Forward
Center Left Wing Right Wing Time % Phy DF OF
1 Derek Stepan Antoine Roussel Jakob Silfverberg 60 1 2 2
2 Erik Haula Sean Bergenheim Mike Amadio 40 1 2 2
PowerPlay Defense
Defense Defense Time % Phy DF OF
1 Aaron Ekblad PK Subban 60 1 2 2
2 Calvin de Haan Thomas Chabot 40 1 2 2
Penalty Kill 4 Players Forward
Center Wing Time % Phy DF OF
1 Derek Stepan Antoine Roussel 60 1 2 2
2 Erik Haula Sean Bergenheim 40 1 2 2
Penalty Kill 4 Players Defense
Defense Defense Time % Phy DF OF
1 Aaron Ekblad PK Subban 60 1 2 2
2 Robert Hagg Petter Granberg 40 1 2 2
Penalty Kill - 3 Players Forward
Forward Time % Phy DF OF
1 Derek Stepan 60 1 2 2
2 Erik Haula 40 1 2 2
Penalty Kill - 3 Players Defense
Defense Defense Time % Phy DF OF
1 Aaron Ekblad PK Subban 60 1 2 2
2 Robert Hagg Petter Granberg 40 1 2 2
4 vs 4 Forward
Center Wing Time % Phy DF OF
1 Derek Stepan Antoine Roussel 60 1 2 2
2 Erik Haula Sean Bergenheim 40 1 2 2
4 vs 4 Defense
Defense Defense Time % Phy DF OF
1 Aaron Ekblad PK Subban 60 1 2 2
2 Calvin de Haan Thomas Chabot 40 1 2 2
Last Minutes Offensive
Center Left Wing Right Wing Defense Defense
Derek Stepan Antoine Roussel Jakob Silfverberg Aaron Ekblad PK Subban
Last Minutes Defensive
Center Left Wing Right Wing Defense Defense
Derek Stepan Antoine Roussel Jakob Silfverberg Aaron Ekblad PK Subban
Goaltenders
Starting : Joe Cannata
Backup : James Reimer
Extra Forwards
Normal : Derek Stepan, Jakob Silfverberg, Antoine Roussel - PP : Derek Stepan, Antoine Roussel - PK : Erik Haula
Extra Defensemen
Normal : Aaron Ekblad, PK Subban, Thomas Chabot - PP : Thomas Chabot - PK : Aaron Ekblad, Robert Hagg
Penalty Shots
Jakob Silfverberg, Antoine Roussel, Derek Stepan, Erik Haula, Corey Perry
Custom OT Lines Forwards
Jakob Silfverberg, Antoine Roussel, Derek Stepan, Erik Haula, Corey Perry, Sean Bergenheim, Mike Amadio, Adrian Kempe, Nick Bonino, Brett Maclean
Custom OT Lines Defensemen
Aaron Ekblad, PK Subban, Calvin de Haan, Petter Granberg, Robert Hagg
Scratches
Andrew Mangiapane (Healthy), Radko Gudas (Broken Ribs Injury)
Stars
5 vs 5 Forward
Center Left Wing Right Wing Time % Phy DF OF
1 Sidney Crosby Jake Guentzel Michael Grabner 40 1 2 2
2 Evgeny Grachev Guillaume Latendresse Alex Chiasson 30 1 2 2
3 Evgeny Kuznetsov Tobias Rieder Cam Atkinson 20 1 2 2
4 Henrik Borgstrom Adam Tambellini Scott Kosmachuck 10 1 2 2
5 vs 5 Defense
Defense Defense Time % Phy DF OF
1 Paul Ladue Andrej Sustr 40 1 2 2
2 Ben Chiarot Brian Lee 30 1 2 2
3 Tyler Wotherspoon Wiley Sherman 20 1 2 2
4 Paul Ladue Andrej Sustr 10 1 2 2
PowerPlay Forward
Center Left Wing Right Wing Time % Phy DF OF
1 Sidney Crosby Jake Guentzel Michael Grabner 60 1 2 2
2 Evgeny Grachev Guillaume Latendresse Alex Chiasson 40 1 2 2
PowerPlay Defense
Defense Defense Time % Phy DF OF
1 Paul Ladue Andrej Sustr 60 1 2 2
2 Ben Chiarot Brian Lee 40 1 2 2
Penalty Kill 4 Players Forward
Center Wing Time % Phy DF OF
1 Sidney Crosby Jake Guentzel 60 1 2 2
2 Michael Grabner Guillaume Latendresse 40 1 2 2
Penalty Kill 4 Players Defense
Defense Defense Time % Phy DF OF
1 Paul Ladue Andrej Sustr 60 1 2 2
2 Ben Chiarot Brian Lee 40 1 2 2
Penalty Kill - 3 Players Forward
Forward Time % Phy DF OF
1 Sidney Crosby 60 1 2 2
2 Jake Guentzel 40 1 2 2
Penalty Kill - 3 Players Defense
Defense Defense Time % Phy DF OF
1 Paul Ladue Andrej Sustr 60 1 2 2
2 Ben Chiarot Brian Lee 40 1 2 2
4 vs 4 Forward
Center Wing Time % Phy DF OF
1 Sidney Crosby Jake Guentzel 60 1 2 2
2 Michael Grabner Guillaume Latendresse 40 1 2 2
4 vs 4 Defense
Defense Defense Time % Phy DF OF
1 Paul Ladue Andrej Sustr 60 1 2 2
2 Ben Chiarot Brian Lee 40 1 2 2
Last Minutes Offensive
Center Left Wing Right Wing Defense Defense
Sidney Crosby Jake Guentzel Michael Grabner Paul Ladue Andrej Sustr
Last Minutes Defensive
Center Left Wing Right Wing Defense Defense
Sidney Crosby Jake Guentzel Michael Grabner Paul Ladue Andrej Sustr
Goaltenders
Starting : Jhonas Enroth
Backup : Matt Murray
Extra Forwards
Normal : Tobias Rieder, Cam Atkinson, Scott Kosmachuck - PP : Tobias Rieder, Cam Atkinson - PK : Scott Kosmachuck
Extra Defensemen
Normal : Tyler Wotherspoon, Wiley Sherman, Ben Chiarot - PP : Tyler Wotherspoon - PK : Wiley Sherman, Ben Chiarot
Penalty Shots
Sidney Crosby, Jake Guentzel, Michael Grabner, Guillaume Latendresse, Alex Chiasson
Custom OT Lines Forwards
Sidney Crosby, Jake Guentzel, Michael Grabner, Guillaume Latendresse, Alex Chiasson, Tobias Rieder, Evgeny Grachev, Cam Atkinson, Scott Kosmachuck, Evgeny Kuznetsov
Custom OT Lines Defensemen
Paul Ladue, Andrej Sustr, Ben Chiarot, Brian Lee, Tyler Wotherspoon
Scratches
Andrew Ladd (Sprained Right Ankle Injury), Anton Cederholm (Separated Right Shoulder Injury), Boris Valabik (Healthy)
% Time on Ice - Blackhawks
Lines # - Real PCT - Wanted PCT - Time Play
Normal Forward
1 - 32% - 40% - 13:42
2 - 27% - 30% - 11:22
3 - 24% - 20% - 10:07
4 - 17% - 10% - 7:19
Normal Defense
1 - 38% - 40% - 16:11
2 - 34% - 30% - 14:21
3 - 25% - 20% - 10:27
4 - 4% - 10% - 1:31
PP Forward
1 - 54% - 60% - 5:37
2 - 46% - 40% - 4:42
PP Defense
1 - 58% - 60% - 6:02
2 - 42% - 40% - 4:17
PK Forward
1 - 86% - 60% - 5:08
2 - 14% - 40% - 0:49
PK Defense
1 - 55% - 60% - 3:16
2 - 45% - 40% - 2:41
PK3 Forward
1 - 0% - 60%
2 - 0% - 40%
PK3 Defense
1 - 0% - 60%
2 - 0% - 40%
44 Forward
1 - 0% - 60%
2 - 0% - 40%
44 Defense
1 - 0% - 60%
2 - 0% - 40%
Last Minute Offensive - 1:14
Last Minute Defensive - 0:00
Total
Forward - 60:00
Defense - 60:00
|
% Time on Ice - Stars
Lines # - Real PCT - Wanted PCT - Time Play
Normal Forward
1 - 36% - 40% - 15:15
2 - 28% - 30% - 11:55
3 - 22% - 20% - 9:24
4 - 14% - 10% - 5:57
Normal Defense
1 - 44% - 40% - 18:43
2 - 31% - 30% - 13:07
3 - 22% - 20% - 9:27
4 - 3% - 10% - 1:14
PP Forward
1 - 49% - 60% - 2:55
2 - 51% - 40% - 3:02
PP Defense
1 - 56% - 60% - 3:20
2 - 44% - 40% - 2:37
PK Forward
1 - 72% - 60% - 6:18
2 - 28% - 40% - 2:26
PK Defense
1 - 52% - 60% - 4:33
2 - 48% - 40% - 4:11
PK3 Forward
1 - 100% - 60% - 1:35
2 - 0% - 40% - 0:00
PK3 Defense
1 - 81% - 60% - 1:17
2 - 19% - 40% - 0:18
44 Forward
1 - 0% - 60%
2 - 0% - 40%
44 Defense
1 - 0% - 60%
2 - 0% - 40%
Last Minute Offensive - 0:00
Last Minute Defensive - 1:13
Total
Forward - 60:00
Defense - 60:00
|
Play-by-Play
1st period
0:01 of 1st period - Sidney Crosby wins face-off versus Derek Stepan in neutral zone.
0:24 of 1st period - Minor Penalty to Michael Grabner for Roughing.
0:25 of 1st period - Derek Stepan wins face-off versus Sidney Crosby in Stars zone.
0:26 of 1st period - Snap shot by Jakob Silfverberg.
0:26 of 1st period - Stopped by Jhonas Enroth without a rebound.
0:27 of 1st period - Sidney Crosby wins face-off versus Derek Stepan in Stars zone.
0:38 of 1st period - Wrist shot by Jakob Silfverberg.
0:38 of 1st period - Stopped by Jhonas Enroth without a rebound.
0:39 of 1st period - Sidney Crosby wins face-off versus Erik Haula in Stars zone.
1:01 of 1st period - Snap shot by Jake Guentzel.
1:01 of 1st period - Stopped by Joe Cannata without a rebound.
1:02 of 1st period - Derek Stepan wins face-off versus Scott Kosmachuck in Blackhawks zone.
1:09 of 1st period - Snap shot by Jakob Silfverberg.
1:09 of 1st period - Stopped by Jhonas Enroth without a rebound.
1:10 of 1st period - Scott Kosmachuck wins face-off versus Derek Stepan in Stars zone.
1:57 of 1st period - Scott Kosmachuck is hit by Sean Bergenheim.
2:24 of 1st period - Penalty to Michael Grabner is over, Michael Grabner is back on ice.
2:39 of 1st period - Paul Ladue is hit by Stefan Matteau and loses puck.
2:44 of 1st period - Snap shot by Thomas Chabot.
2:44 of 1st period - Deflect By Paul Ladue.
2:44 of 1st period - Stopped by Jhonas Enroth with a rebound.
2:46 of 1st period - Wrist shot by James Wright.
2:46 of 1st period - Shot Blocked by Andrej Sustr.
3:02 of 1st period - Snap shot by Alex Chiasson.
3:02 of 1st period - Shot Blocked by Petter Granberg.
3:04 of 1st period - Wrist shot by Guillaume Latendresse.
3:04 of 1st period - Stopped by Joe Cannata with a rebound.
3:06 of 1st period - Snap shot by Guillaume Latendresse.
3:06 of 1st period - Stopped by Joe Cannata with a rebound.
3:16 of 1st period - Tyler Wotherspoon is hit by Petter Granberg and loses puck.
3:27 of 1st period - Tyler Wotherspoon is hit by Brett Maclean and loses puck.
3:32 of 1st period - Snap shot by Brett Maclean.
3:32 of 1st period - Stopped by Jhonas Enroth with a rebound.
3:52 of 1st period - Wrist shot by Adrian Kempe.
3:52 of 1st period - Shot Misses the Net.
4:14 of 1st period - Wrist shot by Evgeny Grachev.
4:14 of 1st period - Shot Blocked by Erik Haula.
4:24 of 1st period - James Wright is hit by Sidney Crosby and loses puck.
4:55 of 1st period - Icing by Aaron Ekblad.
4:56 of 1st period - Nick Bonino wins face-off versus Henrik Borgstrom in Blackhawks zone.
5:06 of 1st period - Off-side.
5:07 of 1st period - Sidney Crosby wins face-off versus Erik Haula in neutral zone.
5:10 of 1st period - Wrist shot by Jake Guentzel.
5:10 of 1st period - Stopped by Joe Cannata with a rebound.
5:12 of 1st period - Wrist shot by Sidney Crosby.
5:12 of 1st period - Deflect By Michael Grabner.
5:12 of 1st period - Shot Blocked by Erik Haula.
5:12 of 1st period - Puck is out of play.
5:13 of 1st period - Erik Haula wins face-off versus Jake Guentzel in Blackhawks zone.
5:13 of 1st period - Erik Haula is hit by Michael Grabner.
5:44 of 1st period - Wrist shot by Adrian Kempe.
5:44 of 1st period - Stopped by Jhonas Enroth with a rebound.
5:46 of 1st period - Snap shot by Adrian Kempe.
5:46 of 1st period - Shot Blocked by Guillaume Latendresse.
5:48 of 1st period - Snap shot by Mike Amadio.
5:48 of 1st period - Stopped by Jhonas Enroth with a rebound.
5:50 of 1st period - Slapshot by Mike Amadio.
5:50 of 1st period - Deflect By Evgeny Grachev.
5:50 of 1st period - Shot Blocked by Brian Lee.
5:50 of 1st period - Puck is out of play.
5:51 of 1st period - Sidney Crosby wins face-off versus Derek Stepan in Stars zone.
6:25 of 1st period - Snap shot by Evgeny Grachev.
6:25 of 1st period - Stopped by Joe Cannata without a rebound.
6:26 of 1st period - Sidney Crosby wins face-off versus Derek Stepan in Blackhawks zone.
7:07 of 1st period - Wrist shot by Sean Bergenheim.
7:07 of 1st period - Shot Misses the Net.
7:19 of 1st period - Slapshot by Thomas Chabot.
7:19 of 1st period - Shot Misses the Net.
7:23 of 1st period - Slapshot by Thomas Chabot.
7:23 of 1st period - Stopped by Jhonas Enroth without a rebound.
7:24 of 1st period - Guillaume Latendresse wins face-off versus James Wright in Stars zone.
8:11 of 1st period - Snap shot by Brett Maclean.
8:11 of 1st period - Stopped by Jhonas Enroth without a rebound.
8:12 of 1st period - Evgeny Grachev wins face-off versus Derek Stepan in Stars zone.
8:12 of 1st period - Evgeny Grachev is hit by Derek Stepan.
9:12 of 1st period - Minor Penalty to Ben Chiarot for Roughing.
9:13 of 1st period - Derek Stepan wins face-off versus Sidney Crosby in Stars zone.
11:12 of 1st period - Penalty to Ben Chiarot is over, Ben Chiarot is back on ice.
11:15 of 1st period - Wrist shot by Sidney Crosby.
11:15 of 1st period - Stopped by Joe Cannata with a rebound.
11:17 of 1st period - Slapshot by Tyler Wotherspoon.
11:17 of 1st period - Stopped by Joe Cannata without a rebound.
11:18 of 1st period - Brett Maclean wins face-off versus Evgeny Kuznetsov in Blackhawks zone.
12:15 of 1st period - Backhand shot by Adrian Kempe.
12:15 of 1st period - Stopped by Jhonas Enroth with a rebound.
12:17 of 1st period - Wrist shot by Mike Amadio.
12:17 of 1st period - Shot Misses the Net.
12:29 of 1st period - Snap shot by Jakob Silfverberg.
12:29 of 1st period - Deflect By Andrej Sustr.
12:29 of 1st period - Shot Blocked by Paul Ladue.
12:29 of 1st period - Puck is out of play.
12:30 of 1st period - Henrik Borgstrom wins face-off versus Erik Haula in Stars zone.
12:35 of 1st period - Slapshot by Adam Tambellini.
12:35 of 1st period - Shot Misses the Net.
12:37 of 1st period - Slapshot by Brian Lee.
12:37 of 1st period - Stopped by Joe Cannata without a rebound.
12:38 of 1st period - Derek Stepan wins face-off versus Sidney Crosby in Blackhawks zone.
12:52 of 1st period - Snap shot by Adrian Kempe.
12:52 of 1st period - Stopped by Jhonas Enroth without a rebound.
12:53 of 1st period - Evgeny Grachev wins face-off versus Erik Haula in Stars zone.
13:20 of 1st period - Aaron Ekblad is hit by Michael Grabner and loses puck.
14:07 of 1st period - Snap shot by Thomas Chabot.
14:07 of 1st period - Shot Blocked by Paul Ladue.
14:09 of 1st period - Slapshot by Calvin de Haan.
14:09 of 1st period - Deflect By Scott Kosmachuck.
14:09 of 1st period - Stopped by Jhonas Enroth with a rebound.
14:48 of 1st period - Backhand shot by Derek Stepan.
14:48 of 1st period - Shot Misses the Net.
15:06 of 1st period - Slapshot by Sean Bergenheim.
15:06 of 1st period - Shot Misses the Net.
15:08 of 1st period - Slapshot by Calvin de Haan.
15:08 of 1st period - Stopped by Jhonas Enroth with a rebound.
15:10 of 1st period - Wrist shot by Sean Bergenheim.
15:10 of 1st period - Shot Misses the Net.
15:46 of 1st period - Snap shot by Antoine Roussel.
15:46 of 1st period - Stopped by Jhonas Enroth with a rebound.
15:48 of 1st period - Snap shot by Antoine Roussel.
15:48 of 1st period - Shot Blocked by Adam Tambellini.
15:50 of 1st period - Snap shot by Jakob Silfverberg.
15:50 of 1st period - Goal by Jakob Silfverberg - Blackhawks : 1 - Stars : 0.
15:51 of 1st period - Derek Stepan wins face-off versus Michael Grabner in neutral zone.
15:56 of 1st period - Slapshot by Aaron Ekblad.
15:56 of 1st period - Deflect By Adrian Kempe.
15:56 of 1st period - Shot Misses the Net.
15:56 of 1st period - Puck is out of play.
15:57 of 1st period - Derek Stepan wins face-off versus Sidney Crosby in Stars zone.
16:08 of 1st period - Snap shot by Derek Stepan.
16:08 of 1st period - Shot Misses the Net.
16:10 of 1st period - Snap shot by Derek Stepan.
16:10 of 1st period - Stopped by Jhonas Enroth with a rebound.
17:42 of 1st period - Wrist shot by Antoine Roussel.
17:42 of 1st period - Shot Blocked by Andrej Sustr.
17:44 of 1st period - Wrist shot by Antoine Roussel.
17:44 of 1st period - Shot Misses the Net.
19:13 of 1st period - Mike Amadio is hit by Scott Kosmachuck and loses puck.
Goals for this period are 1 for Blackhawks vs 0 for Stars.
Shots for this period are 16 for Blackhawks vs 8 for Stars.
2nd period
0:01 of 2nd period - Sidney Crosby wins face-off versus Derek Stepan in neutral zone.
0:06 of 2nd period - Wrist shot by Jake Guentzel.
0:06 of 2nd period - Stopped by Joe Cannata without a rebound.
0:07 of 2nd period - Derek Stepan wins face-off versus Sidney Crosby in Blackhawks zone.
0:16 of 2nd period - Snap shot by Derek Stepan.
0:16 of 2nd period - Stopped by Jhonas Enroth with a rebound.
0:48 of 2nd period - Slapshot by Jake Guentzel.
0:48 of 2nd period - Shot Blocked by Mike Amadio.
1:13 of 2nd period - Off-side.
1:14 of 2nd period - Erik Haula wins face-off versus Alex Chiasson in neutral zone.
1:25 of 2nd period - Snap shot by Jakob Silfverberg.
1:25 of 2nd period - Stopped by Jhonas Enroth without a rebound.
1:26 of 2nd period - Jakob Silfverberg wins face-off versus Evgeny Grachev in Stars zone.
1:33 of 2nd period - Snap shot by Erik Haula.
1:33 of 2nd period - Shot Misses the Net.
1:52 of 2nd period - Tobias Rieder is hit by Sean Bergenheim.
2:22 of 2nd period - Snap shot by Adam Tambellini.
2:22 of 2nd period - Deflect By Scott Kosmachuck.
2:22 of 2nd period - Shot Blocked by Calvin de Haan.
2:22 of 2nd period - Puck is out of play.
2:23 of 2nd period - Adrian Kempe wins face-off versus Sidney Crosby in Blackhawks zone.
2:28 of 2nd period - Derek Stepan is hit by Jake Guentzel and loses puck.
2:37 of 2nd period - Snap shot by Derek Stepan.
2:37 of 2nd period - Stopped by Jhonas Enroth without a rebound.
2:38 of 2nd period - Erik Haula wins face-off versus Evgeny Grachev in Stars zone.
2:39 of 2nd period - Snap shot by Antoine Roussel.
2:39 of 2nd period - Shot Blocked by Andrej Sustr.
2:41 of 2nd period - Minor Penalty to Paul Ladue for Holding.
2:42 of 2nd period - Derek Stepan wins face-off versus Sidney Crosby in Stars zone.
2:45 of 2nd period - Wrist shot by Derek Stepan.
2:45 of 2nd period - Stopped by Jhonas Enroth with a rebound.
3:05 of 2nd period - Minor Penalty to Sidney Crosby for Hooking.
3:06 of 2nd period - Derek Stepan wins face-off versus Scott Kosmachuck in Stars zone.
3:21 of 2nd period - Slapshot by Antoine Roussel.
3:21 of 2nd period - Stopped by Jhonas Enroth without a rebound.
3:22 of 2nd period - Scott Kosmachuck wins face-off versus Derek Stepan in Stars zone.
3:55 of 2nd period - Wrist shot by Erik Haula.
3:55 of 2nd period - Shot Misses the Net.
4:41 of 2nd period - Penalty to Paul Ladue is over, Paul Ladue is back on ice.
5:05 of 2nd period - Penalty to Sidney Crosby is over, Sidney Crosby is back on ice.
5:10 of 2nd period - Wrist shot by Tobias Rieder.
5:10 of 2nd period - Deflect By Evgeny Kuznetsov.
5:10 of 2nd period - Shot Blocked by James Wright.
5:10 of 2nd period - Puck is out of play.
5:11 of 2nd period - Evgeny Kuznetsov wins face-off versus James Wright in Blackhawks zone.
5:22 of 2nd period - Cam Atkinson is hit by Stefan Matteau and loses puck.
5:39 of 2nd period - Wrist shot by Erik Haula.
5:39 of 2nd period - Shot Blocked by Wiley Sherman.
5:41 of 2nd period - Wrist shot by Antoine Roussel.
5:41 of 2nd period - Stopped by Jhonas Enroth without a rebound.
5:42 of 2nd period - Erik Haula wins face-off versus Sidney Crosby in Stars zone.
5:43 of 2nd period - Slapshot by Jakob Silfverberg.
5:43 of 2nd period - Stopped by Jhonas Enroth with a rebound.
5:55 of 2nd period - Snap shot by Michael Grabner.
5:55 of 2nd period - Stopped by Joe Cannata without a rebound.
5:56 of 2nd period - Sidney Crosby wins face-off versus Derek Stepan in Blackhawks zone.
5:59 of 2nd period - Snap shot by Michael Grabner.
5:59 of 2nd period - Stopped by Joe Cannata without a rebound.
6:00 of 2nd period - Derek Stepan wins face-off versus Sidney Crosby in Blackhawks zone.
6:05 of 2nd period - Jake Guentzel is hit by PK Subban and loses puck.
6:57 of 2nd period - Snap shot by Sean Bergenheim.
6:57 of 2nd period - Deflect By Tobias Rieder.
6:57 of 2nd period - Stopped by Jhonas Enroth without a rebound.
6:58 of 2nd period - Sidney Crosby wins face-off versus Derek Stepan in Stars zone.
7:03 of 2nd period - Slapshot by Brian Lee.
7:03 of 2nd period - Shot Misses the Net.
7:05 of 2nd period - Snap shot by Sidney Crosby.
7:05 of 2nd period - Shot Misses the Net.
7:07 of 2nd period - Snap shot by Sidney Crosby.
7:07 of 2nd period - Shot Blocked by Adrian Kempe.
7:09 of 2nd period - Slapshot by Brian Lee.
7:09 of 2nd period - Stopped by Joe Cannata without a rebound.
7:10 of 2nd period - Sidney Crosby wins face-off versus Derek Stepan in Blackhawks zone.
7:15 of 2nd period - Snap shot by Michael Grabner.
7:15 of 2nd period - Shot Misses the Net.
7:27 of 2nd period - Snap shot by Derek Stepan.
7:27 of 2nd period - Stopped by Jhonas Enroth without a rebound.
7:28 of 2nd period - Jakob Silfverberg wins face-off versus Evgeny Grachev in Stars zone.
7:55 of 2nd period - Alex Chiasson is hit by Corey Perry and loses puck.
7:59 of 2nd period - Icing by Alex Chiasson.
8:00 of 2nd period - Nick Bonino wins face-off versus Evgeny Grachev in Stars zone.
8:07 of 2nd period - Slapshot by Corey Perry.
8:07 of 2nd period - Shot Misses the Net.
8:09 of 2nd period - Slapshot by Corey Perry.
8:09 of 2nd period - Stopped by Jhonas Enroth with a rebound.
8:15 of 2nd period - Slapshot by Thomas Chabot.
8:15 of 2nd period - Shot Misses the Net.
8:40 of 2nd period - Jake Guentzel is hit by Adrian Kempe and loses puck.
9:09 of 2nd period - Icing by Andrej Sustr.
9:10 of 2nd period - Nick Bonino wins face-off versus Evgeny Kuznetsov in Stars zone.
9:41 of 2nd period - Slapshot by Sidney Crosby.
9:41 of 2nd period - Stopped by Joe Cannata with a rebound.
9:43 of 2nd period - Snap shot by Paul Ladue.
9:43 of 2nd period - Stopped by Joe Cannata with a rebound.
9:50 of 2nd period - Minor Penalty to Antoine Roussel for Roughing.
9:51 of 2nd period - Jake Guentzel wins face-off versus Derek Stepan in Blackhawks zone.
11:11 of 2nd period - Aaron Ekblad is hit by Michael Grabner and loses puck.
11:50 of 2nd period - Penalty to Antoine Roussel is over, Antoine Roussel is back on ice.
11:59 of 2nd period - Brett Maclean is hit by Brian Lee and loses puck.
12:14 of 2nd period - Slapshot by Calvin de Haan.
12:14 of 2nd period - Stopped by Jhonas Enroth without a rebound.
12:15 of 2nd period - Nick Bonino wins face-off versus Henrik Borgstrom in Stars zone.
12:16 of 2nd period - Wrist shot by Sean Bergenheim.
12:16 of 2nd period - Stopped by Jhonas Enroth with a rebound.
12:18 of 2nd period - Slapshot by Corey Perry.
12:18 of 2nd period - Shot Misses the Net.
12:20 of 2nd period - Slapshot by PK Subban.
12:20 of 2nd period - Shot Blocked by Wiley Sherman.
12:22 of 2nd period - Snap shot by Corey Perry.
12:22 of 2nd period - Stopped by Jhonas Enroth without a rebound.
12:23 of 2nd period - Sidney Crosby wins face-off versus Derek Stepan in Stars zone.
12:39 of 2nd period - Snap shot by Michael Grabner.
12:39 of 2nd period - Shot Misses the Net.
12:46 of 2nd period - Icing by Aaron Ekblad.
12:47 of 2nd period - Evgeny Grachev wins face-off versus Nick Bonino in Blackhawks zone.
13:46 of 2nd period - Wrist shot by Cam Atkinson.
13:46 of 2nd period - Stopped by Joe Cannata with a rebound.
14:27 of 2nd period - Off-side.
14:28 of 2nd period - Nick Bonino wins face-off versus Henrik Borgstrom in neutral zone.
14:31 of 2nd period - Robert Hagg is hit by Scott Kosmachuck and loses puck.
15:00 of 2nd period - Slapshot by Michael Grabner.
15:00 of 2nd period - Stopped by Joe Cannata without a rebound.
15:01 of 2nd period - Sidney Crosby wins face-off versus Derek Stepan in Blackhawks zone.
16:01 of 2nd period - Wrist shot by Erik Haula.
16:01 of 2nd period - Shot Misses the Net.
16:36 of 2nd period - Slapshot by Paul Ladue.
16:36 of 2nd period - Shot Misses the Net.
16:49 of 2nd period - Minor Penalty to Evgeny Grachev for Interference.
16:50 of 2nd period - Erik Haula wins face-off versus Sidney Crosby in Stars zone.
17:42 of 2nd period - Michael Grabner is hit by Mike Amadio.
18:49 of 2nd period - Penalty to Evgeny Grachev is over, Evgeny Grachev is back on ice.
18:53 of 2nd period - Derek Stepan is hit by Michael Grabner and loses puck.
19:23 of 2nd period - Off-side.
19:24 of 2nd period - Evgeny Kuznetsov wins face-off versus Derek Stepan in neutral zone.
19:31 of 2nd period - Snap shot by Cam Atkinson.
19:31 of 2nd period - Deflect By Tobias Rieder.
19:31 of 2nd period - Stopped by Joe Cannata without a rebound.
19:32 of 2nd period - Derek Stepan wins face-off versus Sidney Crosby in Blackhawks zone.
19:34 of 2nd period - Icing by Petter Granberg.
19:35 of 2nd period - Sidney Crosby wins face-off versus Derek Stepan in Blackhawks zone.
Goals for this period are 0 for Blackhawks vs 0 for Stars.
Shots for this period are 13 for Blackhawks vs 9 for Stars.
3rd period
0:01 of 3rd period - Sidney Crosby wins face-off versus Derek Stepan in neutral zone.
0:48 of 3rd period - Andrej Sustr is hit by Sean Bergenheim.
0:52 of 3rd period - Snap shot by Corey Perry.
0:52 of 3rd period - Stopped by Jhonas Enroth without a rebound.
0:53 of 3rd period - Nick Bonino wins face-off versus Sidney Crosby in Stars zone.
1:00 of 3rd period - Wrist shot by Sidney Crosby.
1:00 of 3rd period - Goal by Sidney Crosby - Blackhawks : 1 - Stars : 1.
1:01 of 3rd period - Derek Stepan wins face-off versus Sidney Crosby in neutral zone.
1:28 of 3rd period - Jakob Silfverberg is hit by Paul Ladue and loses puck.
1:33 of 3rd period - Snap shot by Evgeny Grachev.
1:33 of 3rd period - Stopped by Joe Cannata without a rebound.
1:34 of 3rd period - Evgeny Grachev wins face-off versus Erik Haula in Blackhawks zone.
1:42 of 3rd period - Minor Penalty to Jakob Silfverberg for High sticking.
1:43 of 3rd period - Jake Guentzel wins face-off versus Derek Stepan in Blackhawks zone.
2:56 of 3rd period - Icing by Evgeny Grachev.
2:57 of 3rd period - Sidney Crosby wins face-off versus Derek Stepan in Stars zone.
3:42 of 3rd period - Penalty to Jakob Silfverberg is over, Jakob Silfverberg is back on ice.
4:52 of 3rd period - Wrist shot by Jake Guentzel.
4:52 of 3rd period - Shot Misses the Net.
4:54 of 3rd period - Snap shot by Michael Grabner.
4:54 of 3rd period - Shot Misses the Net.
5:08 of 3rd period - PK Subban is hit by Evgeny Grachev and loses puck.
5:25 of 3rd period - Minor Penalty to Alex Chiasson for Hooking.
5:26 of 3rd period - Derek Stepan wins face-off versus Sidney Crosby in Stars zone.
5:27 of 3rd period - Slapshot by PK Subban.
5:27 of 3rd period - Shot Misses the Net.
5:29 of 3rd period - Wrist shot by PK Subban.
5:29 of 3rd period - Shot Blocked by Paul Ladue.
6:11 of 3rd period - Guillaume Latendresse is hit by Sean Bergenheim and loses puck.
7:25 of 3rd period - Penalty to Alex Chiasson is over, Alex Chiasson is back on ice.
8:13 of 3rd period - Alex Chiasson is hit by Brett Maclean and loses puck.
8:46 of 3rd period - Slapshot by Henrik Borgstrom.
8:46 of 3rd period - Stopped by Joe Cannata with a rebound.
9:22 of 3rd period - Wrist shot by Evgeny Grachev.
9:22 of 3rd period - Goal by Evgeny Grachev - Blackhawks : 1 - Stars : 2.
9:23 of 3rd period - Sidney Crosby wins face-off versus Derek Stepan in neutral zone.
10:16 of 3rd period - Sean Bergenheim is hit by Adam Tambellini and loses puck.
10:33 of 3rd period - Wrist shot by Jake Guentzel.
10:33 of 3rd period - Shot Misses the Net.
10:57 of 3rd period - Snap shot by Jakob Silfverberg.
10:57 of 3rd period - Stopped by Jhonas Enroth with a rebound.
11:18 of 3rd period - Minor Penalty to Derek Stepan for Slashing.
11:19 of 3rd period - Evgeny Grachev wins face-off versus Erik Haula in Blackhawks zone.
12:08 of 3rd period - Adrian Kempe is hit by Jake Guentzel and loses puck.
13:15 of 3rd period - Paul Ladue is hit by Robert Hagg and loses puck.
13:18 of 3rd period - Penalty to Derek Stepan is over, Derek Stepan is back on ice.
13:29 of 3rd period - Off-side.
13:30 of 3rd period - Henrik Borgstrom wins face-off versus Nick Bonino in neutral zone.
13:33 of 3rd period - Slapshot by Wiley Sherman.
13:33 of 3rd period - Shot Blocked by Corey Perry.
13:35 of 3rd period - Snap shot by Adam Tambellini.
13:35 of 3rd period - Stopped by Joe Cannata with a rebound.
13:37 of 3rd period - Wrist shot by Adam Tambellini.
13:37 of 3rd period - Deflect By Sean Bergenheim.
13:37 of 3rd period - Shot Misses the Net.
13:37 of 3rd period - Puck is out of play.
13:38 of 3rd period - Evgeny Kuznetsov wins face-off versus Nick Bonino in Blackhawks zone.
13:43 of 3rd period - Snap shot by Cam Atkinson.
13:43 of 3rd period - Stopped by Joe Cannata with a rebound.
14:13 of 3rd period - Snap shot by Michael Grabner.
14:13 of 3rd period - Stopped by Joe Cannata with a rebound.
14:33 of 3rd period - Snap shot by Henrik Borgstrom.
14:33 of 3rd period - Shot Hit the Post.
14:35 of 3rd period - Slapshot by Andrej Sustr.
14:35 of 3rd period - Shot Blocked by Calvin de Haan.
14:37 of 3rd period - Wrist shot by Paul Ladue.
14:37 of 3rd period - Deflect By Henrik Borgstrom.
14:37 of 3rd period - Stopped by Joe Cannata with a rebound.
14:39 of 3rd period - Wrist shot by Adam Tambellini.
14:39 of 3rd period - Shot Misses the Net.
15:13 of 3rd period - Wrist shot by Brett Maclean.
15:13 of 3rd period - Stopped by Jhonas Enroth without a rebound.
15:14 of 3rd period - James Wright wins face-off versus Evgeny Kuznetsov in Stars zone.
15:21 of 3rd period - Snap shot by Cam Atkinson.
15:21 of 3rd period - Stopped by Joe Cannata without a rebound.
15:22 of 3rd period - Nick Bonino wins face-off versus Evgeny Kuznetsov in Blackhawks zone.
15:27 of 3rd period - Slapshot by Aaron Ekblad.
15:27 of 3rd period - Stopped by Jhonas Enroth without a rebound.
15:28 of 3rd period - Sean Bergenheim wins face-off versus Evgeny Kuznetsov in Stars zone.
15:29 of 3rd period - Slapshot by Corey Perry.
15:29 of 3rd period - Shot Misses the Net.
15:31 of 3rd period - Snap shot by Corey Perry.
15:31 of 3rd period - Stopped by Jhonas Enroth with a rebound.
15:33 of 3rd period - Slapshot by Nick Bonino.
15:33 of 3rd period - Shot Blocked by Paul Ladue.
15:35 of 3rd period - Snap shot by Nick Bonino.
15:35 of 3rd period - Shot Misses the Net.
15:37 of 3rd period - Slapshot by PK Subban.
15:37 of 3rd period - Shot Blocked by Evgeny Kuznetsov.
16:00 of 3rd period - Sidney Crosby is hit by Adrian Kempe and loses puck.
16:22 of 3rd period - Slapshot by Henrik Borgstrom.
16:22 of 3rd period - Stopped by Joe Cannata with a rebound.
16:34 of 3rd period - Guillaume Latendresse is hit by Antoine Roussel and loses puck.
16:41 of 3rd period - Jakob Silfverberg is hit by Tyler Wotherspoon and loses puck.
17:40 of 3rd period - Henrik Borgstrom is hit by Jakob Silfverberg and loses puck.
17:51 of 3rd period - Slapshot by Brett Maclean.
17:51 of 3rd period - Shot Misses the Net.
18:02 of 3rd period - Wrist shot by James Wright.
18:02 of 3rd period - Shot Misses the Net.
18:38 of 3rd period - Snap shot by Sidney Crosby.
18:38 of 3rd period - Shot Blocked by Derek Stepan.
18:58 of 3rd period - Blackhawks, Joe Cannata is pulled from the net.
19:18 of 3rd period - Snap shot by Jakob Silfverberg.
19:18 of 3rd period - Stopped by Jhonas Enroth with a rebound.
19:28 of 3rd period - Wrist shot by Derek Stepan.
19:28 of 3rd period - Shot Misses the Net.
Goals for this period are 0 for Blackhawks vs 2 for Stars.
Shots for this period are 6 for Blackhawks vs 10 for Stars.